 Dungeon Crawl Stone Soup version 0.18-a0-1292-ge8ad84c (webtiles) character file.

29 ololoev the Firebug (level 3, 0/19 HPs)
             Began as a Deep Elf Fire Elementalist on Feb 9, 2016.
             Slain by a goblin
             ... wielding a +0 club
              (6 damage)
             ... on level 1 of the Dungeon.
             The game lasted 00:02:54 (268 turns).

ololoev the Firebug (Deep Elf Fire Elementalist)     Turns: 268, Time: 00:02:54

Health: 0/19       AC:  2    Str:  5    XL:     3   Next: 1%
Magic:  0/10       EV: 13    Int: 20    God:
Gold:   29         SH:  0    Dex: 15    Spells: 1 memorised, 8 levels left

rFire  . . .     SeeInvis .     e - +0 spear
rCold  . . .     Gourm    .     a - +0 robe
rNeg   . . .     Faith    .     (no shield)
rPois  .         Spirit   .     (no helmet)
rElec  .         Dismiss  .     (no cloak)
rCorr  .         Reflect  .     (no gloves)
SustAt .         Harm     .     (no boots)
MR     .....                    (no amulet)
Stlth  ++........               (no ring)
                                (no ring)

@: very slightly contaminated, not resistant to hostile enchantments, unstealthy
A: no striking features
a: no special abilities

Inventory:

Hand Weapons
 e - a +0 spear (weapon)
Missiles
 g - 2 curare-tipped needles
Armour
 a - a +0 robe (worn)
Scrolls
 h - a scroll of remove curse {unknown}
 j - a scroll of blinking {unknown}
Potions
 f - a potion of invisibility {unknown}
 i - a potion of lignification {unknown}
 k - a potion of might {unknown}
Books
 b - a book of Flames

   Spells                             Type                      Level
   a - Flame Tongue                   Conjuration/Fire             1
   b - Throw Flame                    Conjuration/Fire             2
   c - Conjure Flame                  Conjuration/Fire             3
   d - Inner Flame                    Hexes/Fire                   3
   e - Sticky Flame                   Conjuration/Fire             4
   f - Fireball                       Conjuration/Fire             5
Comestibles
 c - a bread ration
 d - a beef jerky


   Skills:
 - Level 2.4 Dodging
 - Level 2.4 Stealth
 + Level 3.5 Spellcasting
 * Level 2.3 Conjurations
 + Level 3.6 Fire Magic


You had 8 spell levels left.
You knew the following spells:

 Your Spells              Type           Power        Failure   Level  Hunger
a - Flame Tongue          Conj/Fire      ###..        4%          1    None


You were on level 1 of the Dungeon.
You were not hungry.

You visited 1 branch of the dungeon, and saw 2 of its levels.

You collected 29 gold pieces.

# #..♣.♣..........# #.##.
######..........# .. ...###
##.........#..######
#.........#.### #### #
#.............. ....
#.#######.............. ###.
#...................# ... #.
###...............#. #......
#..........@gK...# ..#.##.
#.........#####.## ..#.#..
#............K..#####.......
#..........######...........
#.........###...............
#.........# #........#...##.
#.........########..#>#.....
#..........).#####...#......
#.........##g.K.##..........

Notes
Turn   | Place    | Note
--------------------------------------------------------------
     0 | D:1      | ololoev the Deep Elf Fire Elementalist began the quest for the Orb.
     0 | D:1      | Reached XP level 1. HP: 10/10 MP: 6/6
    58 | D:1      | Reached XP level 2. HP: 13/15 MP: 0/8
   225 | D:1      | Reached XP level 3. HP: 5/19 MP: 0/10
   268 | D:1      | Slain by a goblin

Dungeon Overview and Level Annotations

Branches:
Dungeon (2/15)

Altars:


Message History

a short sword; a bat corpse Your magical contamination has completely faded away.
Casting: Flame Tongue
Confirm with . or Enter, or press ? or * to list all spells.
Aiming: Flame Tongue
Press: ? - help, Shift-Dir - straight line, f - goblin
Aim: a goblin, wielding a dagger The flame tongue hits the goblin.
You kill the goblin!
Casting: Flame Tongue
Confirm with . or Enter, or press ? or * to list all spells.
Aiming: Flame Tongue
Press: ? - help, Shift-Dir - straight line, f - goblin
Aim: a goblin, wielding a club You miscast Flame Tongue.
You are very lightly contaminated with residual magic.
Heat runs through your body.
Casting: Flame Tongue
Confirm with . or Enter, or press ? or * to list all spells.
Aiming: Flame Tongue
Press: ? - help, Shift-Dir - straight line, f - kobold, p - goblin
Aim: a kobold, wielding a short sword The flame tongue misses the goblin.
The flame tongue misses the kobold.
The goblin hits you with a club.
Casting: Flame Tongue
Confirm with . or Enter, or press ? or * to list all spells.
Aiming: Flame Tongue
Press: ? - help, Shift-Dir - straight line, f/p - kobold
Aim: a kobold, wielding a short sword You miscast Flame Tongue.
Strange energies run through your body. The goblin hits you but does no damage.
Casting: Flame Tongue
Confirm with . or Enter, or press ? or * to list all spells.
Aiming: Flame Tongue
Press: ? - help, Shift-Dir - straight line, f/p - kobold
Aim: a kobold, wielding a short sword The flame tongue hits the goblin.
The goblin is severely wounded.
The goblin hits you with a club.
You die...

You could see a goblin and a kobold.

Vanquished Creatures
  A gnoll (D:1)
  A giant cockroach (D:1)
  3 hobgoblins
  3 jackals (D:1)
  2 kobolds (D:1)
  4 bats
  4 giant newts
  A goblin (D:1)
  A rat (D:1)
20 creatures vanquished.

Action                   || total
-------------------------++-------
Melee: Spear             ||    22
 Cast: Flame Tongue      ||    29
 Stab: Sleeping          ||     1

Vault maps used:
D:1:      saegor_arrival_simple_f, minmay_misc_feat_hallway,
          nrook_mini_backslash, serial_bayou_pond_b, st_stairs_14,
          minmay_misc_feat_x
D:2:      grunt_temple_overflow_order_and_chaos_2, grunt_pakellas_basics,
          uniq_terence, uniq_natasha
